Map: Catalyst LE

Players

Lambo - Winner!

  • Race: Zerg Zerg
  • League: Master
  • Spawn Location: 5:00

eonblu

  • Race: Zerg Zerg
  • League: Grandmaster
  • Spawn Location: 11:00

Event: HomeStory Cup XVII

VOD

Have the link to the VOD?

Description

Time

  • Played on: June 28, 2018, 11:11 a.m.
  • Length: 8:22

All games in this series

Show
View Real Time Build Order
Export as new Build Order

Lambo Zerg - Winner!

Build Orders: Hatch First 

Get SALT Encoding   

  12  0:00  Drone  
  13  0:12  Overlord  
  13  0:16  Drone  
  14  0:30  Drone x2  
  16  0:48  Hatchery  
  15  0:51  Drone  
  15  0:54  Drone  
  17  0:58  Drone  
  18  1:08  Extractor  
  17  1:13  Spawning Pool  
  17  1:17  Drone  
  17  1:20  Drone  
  18  1:27  Drone  
  19  1:38  Drone  
  20  1:49  Overlord  
  20  2:00  Queen x2  
  24  2:01  Drone  
  24  2:02  Drone  
  26  2:10  Drone  
  26  2:11  Drone  
  28  2:22  Drone x2  
  30  2:32  Overlord  
  30  2:34  Zergling x2  
  30  2:36  Lair  
  31  2:38  Queen  
  33  2:45  Drone  
  33  2:49  Drone  
  33  2:51  Evolution Chamber  
  34  2:54  Drone x2  
  36  2:59  Roach Warren  
  35  3:07  Drone x2  
  35  3:08  Evolution Chamber  
  35  3:09  Drone  
  35  3:11  Drone  
  38  3:13  Drone  
  38  3:14  Drone  
  40  3:20  Zerg Missile Weapons Level 1  
  40  3:22  Drone  
  40  3:26  Overlord  
  42  3:27  Drone x2  
  42  3:31  Extractor  
  42  3:33  Overlord, Extractor  
  42  3:36  Drone  
  42  3:40  Overseer  
  42  3:41  Drone x2  
  42  3:44  Glial Reconstitution  
  42  3:48  Drone x2  
  46  3:49  Drone  
  46  3:50  Drone  
  46  3:55  Roach  
  50  4:00  Roach  
  52  4:04  Roach  
  54  4:12  Roach x2  
  54  4:15  Roach  
  60  4:17  Overlord  
  60  4:28  Overlord  
  59  4:36  Overlord  
  59  4:37  Roach x4  
  67  4:43  Hatchery  
  67  4:44  Drone x2, Evolution Chamber  
  67  4:46  Roach  
  69  4:54  Roach x3  
  69  4:59  Roach x2  
  79  5:09  Overlord  
  79  5:10  Roach  
  79  5:11  Roach  
  83  5:22  Overlord  
  83  5:25  Zerg Missile Weapons Level 2  
  83  5:26  Overlord  
  81  5:29  Drone x3, Zerg Ground Armor Level 1  
  84  5:41  Drone x4  
  86  5:50  Roach x5  
  86  5:54  Roach  
  90  6:05  Roach x3  
  90  6:06  Drone  
  90  6:10  Extractor  
  96  6:12  Drone x2  
  96  6:17  Drone  
  99  6:20  Drone x2  
  101  6:28  Roach x4  
  101  6:34  Roach x2  
  101  6:37  Overlord  
  101  6:38  Roach x3  
  109  6:43  Roach  
  109  6:44  Overlord x2, Roach  
  109  6:45  Overlord  
  113  6:50  Ravager  
  114  6:54  Overlord  
  114  6:56  Overlord  
  114  6:57  Roach x3  
  120  7:08  Roach x7  
  132  7:10  Ravager  
  132  7:12  Roach  
  137  7:20  Roach x4  
  135  7:27  Roach x2  
  127  7:31  Roach  
  127  7:34  Roach  
  127  7:35  Roach  
  105  7:38  Roach x2  
  105  7:41  Roach  
  105  7:43  Roach  
  103  7:48  Roach x2  
  103  7:52  Roach  
  103  7:53  Roach  
  103  7:56  Roach  
  109  8:01  Roach x2  
Show
View Real Time Build Order
Export as new Build Order

eonblu Zerg 

Build Orders: Hatch First 

Get SALT Encoding   

  12  0:00  Drone  
  13  0:12  Overlord  
  13  0:18  Drone  
  14  0:30  Drone x2  
  16  0:49  Hatchery  
  15  0:53  Drone  
  15  0:55  Drone  
  17  1:07  Extractor  
  17  1:11  Spawning Pool  
  15  1:14  Drone  
  15  1:17  Drone  
  17  1:21  Drone  
  18  1:29  Drone  
  19  1:45  Overlord  
  19  1:58  Drone, Queen  
  19  2:00  Queen  
  25  2:01  Zergling x4  
  26  2:08  Metabolic Boost  
  26  2:11  Drone  
  26  2:15  Drone  
  28  2:23  Drone  
  28  2:24  Drone  
  30  2:38  Hatchery  
  30  2:40  Drone  
  30  2:43  Drone  
  31  2:46  Drone  
  31  2:50  Overlord  
  32  2:54  Drone  
  34  2:58  Drone  
  34  3:05  Evolution Chamber  
  34  3:08  Drone  
  34  3:12  Drone x3  
  36  3:13  Drone  
  36  3:14  Drone  
  36  3:19  Drone x2  
  40  3:25  Overlord  
  40  3:26  Drone  
  41  3:32  Zerg Missile Weapons Level 1  
  41  3:34  Drone x2  
  43  3:39  Extractor  
  43  3:40  Extractor, Drone x2  
  43  3:44  Drone x2  
  43  3:45  Drone  
  43  3:46  Drone  
  47  3:50  Lair  
  47  3:55  Queen  
  49  4:01  Roach Warren  
  48  4:06  Drone x2  
  48  4:07  Drone x2  
  52  4:15  Overlord  
  52  4:16  Drone x4  
  56  4:23  Overlord  
  55  4:34  Overlord x2  
  55  4:41  Overlord  
  55  4:42  Roach x4  
  55  4:43  Roach  
  65  4:47  Roach x3  
  65  4:50  Roach  
  65  4:52  Roach  
  75  4:55  Roach  
  75  4:58  Roach x2  
  75  4:59  Roach  
  83  5:01  Glial Reconstitution  
  83  5:08  Roach x2  
  83  5:09  Roach  
  88  5:20  Drone x5  
  88  5:21  Drone x4  
  93  5:24  Overlord  
  93  5:27  Queen  
  95  5:38  Drone x4  
  94  5:51  Roach x6  
  96  6:08  Roach  
  96  6:09  Roach x4  
  101  6:12  Overlord x2  
  98  6:28  Roach  
  98  6:29  Roach x3  
  105  6:37  Zergling x6  
  105  6:38  Zergling x2  
  109  6:44  Ravager x3  
  109  6:45  Zergling x2  
  109  6:46  Zergling x4  
  115  6:47  Ravager  
  115  6:53  Zergling x12  
  122  6:56  Overlord x2  
  120  7:07  Zergling x2  
  120  7:08  Zergling x4  
  121  7:14  Roach x3  
  108  7:32  Roach x7  
  102  7:40  Roach x3  
  93  7:45  Roach  
  93  7:50  Roach  
  78  7:53  Roach  
  78  7:57  Roach x2  
  86  8:07  Unknown  
Tags
 
Add a new tag
Caveats
  • Supply blocks, unpowered buildings, or Contaminate may cause inaccurate times.
  • Supply counts are checked every 10 seconds.